[Event "4NCL Div 1 2024-25"]
[Site "England"]
[Date "2025.04.06"]
[Round "8.47"]
[White "Carroll, Thomas"]
[Black "Bashylina, Luisa"]
[Result "0-1"]
[Annotator "ChessBase"]
[ECO "D02"]
[WhiteElo "2126"]
[BlackElo "2132"]
[PlyCount "84"]
[EventDate "2024.11.23"]
[EventType "team-tourn"]
[EventCountry "ENG"]
[SourceTitle "playchess.com"]
[Source "ChessBase"]
[SourceQuality "1"]
[TimeControl "40/6000+30:3000+30"]

1. Nf3 Nf6 2. g3 d5 3. Bg2 g6 4. b3 Bg7 5. Bb2 c5 6. O-O O-O 7. e3 Nc6 8. d4 Ne4 9. c4 e6 10. Qc1 dxc4 11. Qxc4 cxd4 12. Nxd4 Nxd4 13. exd4 Nd6 14. Qd3 Bd7 15. Nc3 Bc6 16. Bxc6 bxc6 17. Rfd1 Nf5 18. Ne2 Qb6 19. Qc4 Rfd8 20. Rd3 h5 21. Rad1 a5 22. a4 Qa6 23. Qc2 Rd7 24. Rc3 Rc8 25. Rc5 Rd5 26. Rc4 g5 27. Ba3 Qb6 28. Bc5 Qd8 29. Qd3 Rb8 30. Qf3 h4 31. Rd3 Qd7 32. g4 Nd6 33. Rc2 f5 34. Nc3 fxg4 35. Qxg4 Rf5 36. Nd1 Nf7 37. Ne3 Ne5 38. Qe4 Nf3+ 39. Kh1 Rf4 40. Qg6 Ne1 41. Kg1 Nxc2 42. Qxg5 e5 0-1

[Event "4NCL Div 1 2024-25"]
[Site "England"]
[Date "2025.04.06"]
[Round "8.48"]
[White "Patel, Zain"]
[Black "Flint, Martina"]
[Result "1/2-1/2"]
[Annotator "NA"]
[ECO "A01"]
[WhiteElo "2083"]
[BlackElo "1835"]
[PlyCount "46"]
[EventDate "2024.11.23"]
[EventType "team-tourn"]
[EventCountry "ENG"]
[SourceTitle "playchess.com"]
[Source "ChessBase"]
[SourceQuality "1"]
[TimeControl "40/6000+30:3000+30"]

1. b3 d6 2. Bb2 e5 3. e3 Nf6 4. c4 g6 5. Be2 Bg7 6. d4 Qe7 7. Nf3 e4 8. Nfd2 O-O 9. Nc3 c6 10. Qc2 Re8 11. O-O h5 12. Rae1 Bh6 13. Kh1 Na6 14. a3 Bf5 15. b4 Nc7 16. b5 cxb5 17. cxb5 Ncd5 18. Ndb1 Rec8 19. Rc1 Be6 20. Nxd5 Bxd5 21. Nc3 Qe6 22. Qd2 Bb3 23. Bd1 Bc4 1/2-1/2